 Dungeon Crawl Stone Soup version 0.26-a0-75-ga645b5fb18 (webtiles) character file.

Game seed: 6354219595071393650

100898 Gargoyl the Protected (level 15, -4/128 HPs)
             Began as a Centaur Abyssal Knight on June 14, 2020.
             Was the Champion of Lugonu.
             Slain by a shambling mangrove (11 damage)
             ... on level 1 of the Swamp on June 15, 2020.
             The game lasted 01:04:09 (46596 turns).

Gargoyl the Protected (Centaur Abyssal Knight)     Turns: 46596, Time: 01:04:10

Health: -4/128     AC: 22    Str: 19    XL:     15   Next: 81%
Magic:  24/24      EV:  5    Int:  9    God:    Lugonu [******]
Gold:   2206       SH: 14    Dex: 13    Spells: 14/14 levels left

rFire    + . .     SeeInvis .   d - +4 hand axe (elec)
rCold    . . .     Gourm    .   D - +0 kite shield
rNeg     . . .     Faith    .   x - +5 chain mail {rF+}
rPois    +         Spirit   .   (no helmet)
rElec    .         Reflect  +   m - +0 cloak
rCorr    .         Harm     .   E - +1 pair of gloves {archery}
MR       ++...                  (no barding)
Stlth    ..........             h - amulet of reflection
HPRegen  0.00/turn              C - ring of poison resistance
MPRegen  0.19/turn              v - ring of protection from magic

@: grasped by roots, constricted, very quick
A: large, hooves 3, thin metallic scales 1, agile 1, deformed body, dopey 1,
speed 2, inhibited regeneration, tough skin 3
a: Depart the Abyss, Bend Space, Banish, Corrupt, Enter the Abyss, Brand Weapon
With Distortion, Renounce Religion


You were on level 1 of the Swamp.
You worshipped Lugonu.
Lugonu was exalted by your worship.
You were near starving.

You visited 4 branches of the dungeon, and saw 24 of its levels.
You visited the Abyss 2 times.

You collected 2780 gold pieces.
You spent 574 gold pieces at shops.

Inventory:

Hand Weapons
 d - a +4 hand axe of electrocution (weapon)
 e - a +0 hand axe of flaming
 z - a +5 hand axe of venom
 P - a +3 broad axe
Missiles
 b - 59 boomerangs
 G - 4 silver javelins (quivered)
Armour
 m - a +0 cloak (worn)
 x - a +5 chain mail of fire resistance (worn)
 y - a +2 helmet
 D - a +0 kite shield (worn)
 E - a +1 pair of gloves of archery (worn)
Jewellery
 h - an amulet of reflection (around neck)
 j - an uncursed ring of protection from magic
 k - an uncursed ring of resist corrosion
 o - an uncursed ring of protection from fire
 q - an uncursed ring of see invisible
 v - a ring of protection from magic (right hand)
 C - a ring of poison resistance (left hand)
 F - an uncursed ring of positive energy
 H - an uncursed ring of flight
Wands
 n - a wand of enslavement (23)
 A - a wand of flame (53)
 O - a wand of clouds (4)
Scrolls
 i - 5 scrolls of magic mapping
 s - 8 scrolls of identify
 t - 16 scrolls of remove curse
 B - a scroll of holy word
 I - a scroll of silence
 J - 8 scrolls of teleportation
 N - a scroll of blinking
Potions
 g - 3 potions of resistance
 p - a potion of stabbing
 r - 2 potions of magic
 u - 3 potions of flight
 K - 6 potions of curing
 L - 2 potions of brilliance
 M - a potion of berserk rage {unknown}
Comestibles
 c - 22 rations


   Skills:
 + Level 10.4 Fighting
 + Level 12.7 Axes
 + Level 3.1 Throwing
 * Level 12.9 Armour
 * Level 8.5 Dodging
 + Level 3.6 Shields
 * Level 12.0 Invocations
 + Level 0.1 Evocations


You had 14 spell levels left.
You didn't know any spells.
Your spell library contained the following spells:

 Spells                   Type           Power        Failure   Level  Hunger
 Animate Skeleton         Necr           N/A          100%        1    ##.....
 Apportation              Tloc           #.....       100%        1    ##.....
 Corona                   Hex            #......      100%        1    ##.....
 Freeze                   Ice            #...         100%        1    ##.....
 Magic Dart               Conj           #...         100%        1    ##.....
 Summon Small Mammal      Summ           #...         100%        1    ##.....
 Blink                    Tloc           N/A          100%        2    ###....
 Call Imp                 Summ           #.......     100%        2    ###....
 Ensorcelled Hibernation  Hex/Ice        #.....       100%        2    ###....
 Poisonous Vapours        Pois/Air       #.....       100%        2    ###....
 Slow                     Hex            #.......     100%        2    ###....
 Confusing Touch          Hex            #.......     100%        3    ####...
 Conjure Flame            Conj/Fire      #.......     100%        3    ####...
 Dazzling Flash           Conj/Hex       #.....       100%        3    ####...
 Frozen Ramparts          Ice            #.....       100%        3    ####...
 Inner Flame              Hex/Fire       #.......     100%        3    ####...
 Mephitic Cloud           Conj/Pois/Air  #.......     100%        3    ####...
 Ozocubu's Armour         Chrm/Ice       #.......     100%        3    ####...
 Portal Projectile        Hex/Tloc       #.....       100%        3    ####...
 Tukima's Dance           Hex            #.......     100%        3    ####...
 Cause Fear               Hex            #.........   100%        4    #####..
 Hailstorm                Conj/Ice       #.......     100%        4    #####..
 Leda's Liquefaction      Hex/Erth       #.........   100%        4    #####..
 Summon Ice Beast         Ice/Summ       #.......     100%        4    #####..
 Freezing Cloud           Conj/Ice/Air   #.........   100%        6    #######
 Ring of Flames           Chrm/Fire      #.........   100%        7    #######


Dungeon Overview and Level Annotations

Branches:
Dungeon (15/15)            Temple (0/1) D:6            Lair (6/6) D:8
  Swamp (1/4) Lair:3        Snake (0/4) Lair:3        Slime (0/5) Lair:6
    Orc (2/2) D:10            Elf (0/3) Orc:2        Vaults (0/5) D:14
 Depths (0/5) D:15

Altars:
Ashenzari
Gozag
Hepliaklqana
Okawaru
Qazlal
Ru
Sif Muna
Trog
Uskayaw
Xom
Zin
The Shining One
Jiyva

Shops:
D:5 }   D:9 [   D:10 %   D:14 !   Orc:2 }?((

Annotations:
Lair:4 3 runed translucent doors, P0NYSLAYSTATION's ghost, journeyman MiMo


Innate Abilities, Weirdness & Mutations

You have hooves in place of feet.
Armour fits poorly on your strangely shaped body.
You cover ground very quickly.
You have extremely tough skin. (AC +3)
You are partially covered in thin metallic scales. (AC +2)
You are agile. (Dex +2)
You are dopey. (Int -2)
You do not regenerate when monsters are visible.


Message History

The slime creature quivers.
A slime creature comes into view.
The slime creature quivers.
Roots burst forth from the earth!
The grasping roots grab you! The grasping roots constrict you.
You escape the roots' grasp.
Two slime creatures merge to form a large slime creature.
Why would you want to do that?
A slime creature suddenly becomes a large slime creature.
Why would you want to do that?
Roots burst forth from the earth!
The grasping roots grab you! The grasping roots constrict you.
There is a staircase back to the Lair here.
* * * LOW HITPOINT WARNING * * *
The grasping roots constrict you!
* * * LOW HITPOINT WARNING * * *
The grasping roots constrict you!!
You die...

.###...≈..≈..≈.≈≈≈...§≈≈≈
...†.....f.≈≈..≈≈≈≈≈..§≈≈
.......n.......≈≈≈≈≈≈....
..#.#...♣≈≈♣.....≈≈≈≈≈...
..#...≈.)♣♣♣f...≈≈≈≈≈....
. ###.≈..♣ ♣♣≈n.≈≈≈≈≈.≈♣
. .....♣♣ ♣♣.≈≈≈≈..≈♣♣
.....≈♣ ♣♣≈.≈J≈.≈♣♣♣
....≈.. ♣.....@≈♣♣
.≈.....♣♣♣♣♣ ♣...≈≈≈.♣
♣♣..≈≈≈.♣ ♣♣.≈≈..♣
♣♣..≈♣♣ ♣♣♣♣


You could see a shambling mangrove, a large slime creature and a bog body.

Vanquished Creatures
  Rupert (D:15)
  2 orc warlords (Orc:1)
  An ironheart preserver (D:14)
  Snorg (D:10)
  Azrael (D:15)
  An ettin (Orc:2)
  3 fire dragons
  Erolcha (D:11)
  An ogre mage (D:15)
  Josephine (D:10)
  Fannar (D:10)
  4 hydras
  2 centaur warriors
  An alligator (Swamp:1)
  8 two-headed ogres
  3 tengu warriors
  4 death yaks
  Urug (Lair:2)
  The ghost of Arhept the Thaumaturge, a journeyman DECj of Vehumet (Lair:1)
  6 unseen horrors
  A wizard (D:14)
  A lindwurm (Lair:6)
  2 wolf spider zombies (D:15)
  6 orc knights
  4 orc sorcerers (Orc:1)
  An oklob plant (Orc:1)
  2 ugly things (D:13)
  6 deep elf magi
  4 cyclopes
  2 manticores
  A centaur zombie (D:15)
  9 elephants
  3 black mambas
  2 molten gargoyles (Lair:6)
  A torpor snail (Lair:3)
  6 komodo dragons
  12 spiny frogs
  2 efreet (D:14)
  2 rime drakes
  3 tengu conjurers
  A polar bear (Lair:6)
  5 trolls
  A hornet (D:10)
  Prince Ribbit (Lair:2)
  A harpy skeleton (D:14)
  33 blink frogs
  12 hippogriffs
  7 dream sheep (Lair:6)
  6 slime creatures
  2 water elementals (D:15)
  3 wraiths (D:10)
  11 wyverns
  46 yaks
  2 shadows
  5 basilisks
  3 hungry ghosts
  A steam dragon (Lair:6)
  A fire elemental (D:15)
  A human (D:9)
  5 vampire mosquitoes
  Menkaure (D:7)
  3 wargs
  16 water moccasins
  An acid dragon (D:12)
  10 hell hounds
  9 porcupines
  A swamp drake (Orc:2)
  6 necrophages
  45 orc warriors
  10 ice beasts
  2 eyes of draining
  6 sky beasts
  A hornet zombie (D:9)
  11 ogres
  3 black bears
  6 wolves
  12 crocodiles
  A phantom (D:3)
  19 centaurs
  2 big kobolds
  26 bullfrogs
  6 scorpions
  8 wights
  8 howler monkeys
  8 crimson imps
  5 lava snakes (Lair:6)
  A bullfrog zombie (D:13)
  A quasit (D:10)
  18 orc priests
  A wyvern simulacrum (D:15)
  8 hounds
  9 jellies
  29 orc wizards
  3 centaur skeletons
  3 bullfrog skeletons
  An iron imp (Orc:2)
  4 iguanas
  Terence (D:3)
  11 worker ants
  Natasha (thrice) (D:4)
  2 hound skeletons
  Robin (D:2)
  4 gnolls
  12 adders
  4 shadow imps
  A white imp (Orc:2)
  An ooze (D:5)
  An adder zombie (D:8)
  2 worms
  5 dart slugs
  6 leopard geckos
  133 orcs
  A ball python (Lair:3)
  6 giant cockroaches
  19 goblins
  8 hobgoblins
  8 jackals
  4 quokkas
  2 bats
  2 frilled lizards
  12 kobolds
  6 rats
  9 fungi
  A plant (Lair:1)
830 creatures vanquished.

Vanquished Creatures (others)
  An ugly thing (D:11)
  A spiny frog (Lair:1)
  A water moccasin (Lair:3)
  An ogre (D:7)
  A bullfrog (D:14)
  An adder (Lair:3)
  2 orcs (D:5)
  12 fungi
  3 plants
23 creatures vanquished.

Grand Total: 853 creatures vanquished

Notes
Turn   | Place    | Note
-------+----------+-------------------------------------------
     0 | Abyss:1  | Gargoyl the Centaur Abyssal Knight began the quest for the
                  | Orb.
     0 | Abyss:1  | Reached XP level 1. HP: 19/19 MP: 2/2
    83 | Abyss:2  | Noticed a smoke demon
    84 | D:1      | Escaped the Abyss
   234 | D:1      | Reached XP level 2. HP: 25/26 MP: 3/3
   305 | D:1      | Reached * piety under Lugonu
   640 | D:1      | Reached skill level 1 in Dodging
   722 | D:1      | Reached XP level 3. HP: 30/31 MP: 4/4
   924 | D:2      | Noticed Robin
   936 | D:2      | Killed Robin
  1078 | D:2      | Reached ** piety under Lugonu
  1571 | D:3      | Reached XP level 4. HP: 38/38 MP: 5/5
  1993 | D:3      | Noticed a phantom
  2015 | D:3      | Killed a phantom
  2015 | D:3      | Reached XP level 5. HP: 32/46 MP: 5/7
  2155 | D:3      | Noticed Terence
  2160 | D:3      | Killed Terence
  2388 | D:4      | Noticed an ogre
  2402 | D:4      | Killed an ogre
  2402 | D:4      | Reached XP level 6. HP: 13/52 MP: 8/8
  3175 | D:4      | Noticed Natasha
  3181 | D:4      | Killed Natasha
  3386 | D:4      | Noticed Natasha
  3396 | D:4      | Killed Natasha
  3484 | D:4      | Noticed Natasha
  3492 | D:4      | Killed Natasha
  3902 | D:4      | Reached XP level 7. HP: 60/60 MP: 9/9
  3923 | D:4      | Reached skill level 1 in Throwing
  4412 | D:5      | Entered Level 5 of the Dungeon
  4433 | D:5      | Reached *** piety under Lugonu
  4663 | D:5      | Reached XP level 8. HP: 64/67 MP: 11/11
  4762 | D:5      | Reached skill level 5 in Fighting
  4762 | D:5      | Reached skill level 5 in Axes
  4935 | D:5      | Found Isymynt's Gadget Shop.
  5121 | D:5      | Found a shimmering blue altar of Sif Muna.
  5455 | D:6      | Found a staircase to the Ecumenical Temple.
  5716 | D:6      | Reached skill level 5 in Invocations
  5968 | D:6      | Found a glowing silver altar of Zin.
  5969 | D:6      | Found an opulent altar of Gozag.
  6781 | D:6      | Found a sacrificial altar of Ru.
  6786 | D:6      | Reached **** piety under Lugonu
  6786 | D:6      | Reached XP level 9. HP: 71/71 MP: 12/12
  6962 | D:6      | Reached skill level 5 in Armour
  7615 | D:7      | Found a stormy altar of Qazlal.
  7617 | D:7      | Noticed Menkaure
  7629 | D:7      | Killed Menkaure
  8357 | D:7      | HP: 2/74 [wight/cursed +3 hand axe of freezing (3)]
  9020 | D:7      | Found a bloodstained altar of Trog.
 10241 | D:7      | Found an iron altar of Okawaru.
 10337 | D:8      | Identified the +4 falchion "Demonslayer" {freeze, +Fly MR+
                  | Dex-4}
 10478 | D:8      | Found a staircase to the Lair.
 10675 | D:8      | Found a sacrificial altar of Ru.
 10706 | D:8      | Found a shimmering altar of Xom.
 10719 | D:8      | Found a hide-covered altar of Uskayaw.
 11038 | D:9      | Found Eneeluwu's Armour Shop.
 11059 | D:9      | Bought a +2 helmet for 247 gold pieces
 11092 | D:9      | Reached XP level 10. HP: 44/83 MP: 14/14
 11288 | D:9      | Reached ***** piety under Lugonu
 11498 | D:9      | Noticed a deep elf mage
 11527 | D:9      | Killed a deep elf mage
 11804 | D:9      | Found a hazy altar of Hepliaklqana.
 12286 | D:9      | Found a glowing golden altar of the Shining One.
 12321 | D:9      | Found a shimmering blue altar of Sif Muna.
 12321 | D:9      | Noticed a deep elf mage
 12332 | D:9      | Killed a deep elf mage
 12785 | Lair:1   | Entered Level 1 of the Lair of Beasts
 12999 | Lair:1   | Found a frozen archway.
 13279 | Lair:1   | Noticed a spiny frog
 13288 | Lair:1   | Killed a spiny frog
 13288 | Lair:1   | Reached skill level 5 in Dodging
 13290 | Lair:1   | Gained mutation: You are somewhat resistant to further
                  | mutation. [potion of mutation]
 13290 | Lair:1   | Gained mutation: You are agile. (Dex +2) [potion of
                  | mutation]
 13715 | Lair:1   | Found a runed translucent gate.
 13716 | Lair:1   | Found a runed translucent gate.
 13718 | Lair:1   | Found a runed translucent gate.
 13719 | Lair:1   | Noticed Arhept's ghost (journeyman DECj)
 13775 | Lair:1   | Noticed a spiny frog
 13777 | Lair:1   | Noticed a spiny frog
 13783 | Lair:1   | Killed a spiny frog
 13799 | Lair:1   | Banished a spiny frog
 13799 | Lair:1   | Reached XP level 11. HP: 16/91 MP: 16/16
 13814 | Lair:1   | HP: 4/91 [poisoned by a spiny frog]
 13819 | Lair:1   | HP: 3/91 [poisoned by a spiny frog]
 13824 | Lair:1   | HP: 3/91 [poisoned by a spiny frog]
 13832 | Lair:1   | HP: 3/91 [poisoned by a spiny frog]
 14870 | Lair:1   | Found a viscous altar of Jiyva.
 14920 | Lair:1   | Killed Arhept's ghost
 15227 | Lair:1   | Lost mutation: You are somewhat resistant to further
                  | mutation. [potion of mutation]
 15227 | Lair:1   | Gained mutation: You are partially covered in iridescent
                  | scales. (AC +2) [potion of mutation]
 15227 | Lair:1   | Gained mutation: You are very agile. (Dex +4) [potion of
                  | mutation]
 15716 | Lair:2   | Noticed Prince Ribbit
 15718 | Lair:2   | Noticed Urug
 15722 | Lair:2   | Killed Prince Ribbit
 16151 | Lair:2   | Killed Urug
 17090 | Lair:3   | Found a staircase to the Snake Pit.
 18231 | Lair:3   | Found a staircase to the Swamp.
 18280 | Lair:3   | Reached XP level 12. HP: 99/99 MP: 18/18
 19435 | Lair:3   | HP: 4/99 [poisoned by a spiny frog]
 19440 | Lair:3   | HP: 3/99 [poisoned by a spiny frog]
 19445 | Lair:3   | HP: 2/99 [poisoned by a spiny frog]
 19453 | Lair:3   | HP: 2/99 [poisoned by a spiny frog]
 20963 | Lair:4   | Noticed a death yak
 20963 | Lair:4   | Noticed P0NYSLAYSTATION's ghost (journeyman MiMo)
 21247 | Lair:4   | Found a runed translucent gate.
 21247 | Lair:4   | Found a runed translucent gate.
 21288 | Lair:4   | Found a runed translucent gate.
 21458 | Lair:4   | Escaped the Abyss
 21465 | Lair:4   | Found a sacrificial altar of Ru.
 22009 | Lair:4   | HP: 5/101 [poisoned by a spiny frog]
 22017 | Lair:4   | HP: 4/101 [poisoned by a spiny frog]
 22025 | Lair:4   | HP: 4/101 [poisoned by a spiny frog]
 22970 | Lair:5   | Reached skill level 10 in Armour
 22972 | Lair:5   | Noticed a six-headed hydra
 22987 | Lair:5   | Killed a one-headed hydra
 22990 | Lair:5   | Noticed an eight-headed hydra
 23287 | Lair:5   | Killed a one-headed hydra
 24276 | Lair:5   | Reached skill level 10 in Axes
 24276 | Lair:5   | Reached XP level 13. HP: 64/107 MP: 20/20
 25104 | Lair:6   | Entered Level 6 of the Lair of Beasts
 26890 | Lair:6   | Found a staircase to the Slime Pits.
 27244 | Lair:5   | HP: 4/108 [two-headed hydra (3)]
 27260 | Lair:5   | Reached skill level 10 in Invocations
 28087 | Lair:6   | Noticed a fire dragon
 28113 | Lair:6   | Found a large runed translucent door.
 29881 | Lair:6   | Found a large runed translucent door.
 30383 | Lair:6   | Killed a fire dragon
 30736 | D:10     | Entered Level 10 of the Dungeon
 30975 | D:10     | Found Ruaney's Food Emporium.
 30979 | D:10     | Noticed Fannar
 30993 | D:10     | Killed Fannar
 31002 | D:10     | Reached XP level 14. HP: 104/118 MP: 21/21
 31121 | D:10     | Got a dazzling long sword
 31122 | D:10     | Identified the +4 long sword "Kaurch" {vorpal, rElec} (You
                  | found it on level 10 of the Dungeon)
 31230 | D:10     | Found a staircase to the Orcish Mines.
 31517 | D:10     | Noticed Snorg
 31535 | D:10     | Killed Snorg
 32246 | D:10     | Noticed Josephine
 32267 | D:10     | Killed Josephine
 32830 | D:11     | HP: 4/118 [cyan ugly thing (16)]
 33849 | D:11     | Noticed Erolcha
 33859 | D:11     | Killed Erolcha
 36634 | D:13     | Reached ****** piety under Lugonu
 37703 | D:14     | Found Ylysasor's Distillery.
 37724 | D:14     | Bought 2 potions of mutation for 288 gold pieces
 38067 | D:14     | Found a gate to the Vaults.
 38067 | D:14     | Noticed an ironheart preserver
 38082 | D:14     | Killed an ironheart preserver
 38888 | D:15     | Entered Level 15 of the Dungeon
 39044 | D:15     | Found a shattered altar of Ashenzari.
 39127 | D:15     | Noticed Rupert
 39147 | D:15     | Killed Rupert
 39147 | D:15     | Reached skill level 1 in Shields
 39147 | D:15     | Reached XP level 15. HP: 126/126 MP: 23/23
 40081 | D:14     | Reached skill level 10 in Fighting
 40514 | D:15     | Noticed Azrael
 40550 | D:15     | Killed Azrael
 40902 | D:15     | Found a staircase to the Depths.
 41528 | Orc:1    | Entered Level 1 of the Orcish Mines
 42385 | Orc:1    | Noticed an orc warlord
 42405 | Orc:1    | Killed an orc warlord
 42542 | Orc:1    | Noticed an orc warlord
 42985 | Orc:1    | HP: 3/126 [orc warlord/+0 broad axe (20)]
 42994 | Orc:1    | Killed an orc warlord
 43827 | Orc:2    | Entered Level 2 of the Orcish Mines
 44939 | Orc:2    | Found Dihikh's Weapon Boutique.
 44939 | Orc:2    | Found Ititeing's Magic Scroll Shoppe.
 44941 | Orc:2    | Found Vableut's Gadget Emporium.
 44948 | Orc:2    | Found Luargh Qufi's Weapon Shop.
 45270 | Orc:2    | Bought a scroll of teleportation for 39 gold pieces
 45335 | Orc:2    | Found a staircase to the Elven Halls.
 45843 | Orc:2    | Upgraded the game from 0.26-a0-70-g31f1466007 to
                  | 0.26-a0-75-ga645b5fb18
 46474 | Swamp:1  | Entered Level 1 of the Swamp
 46477 | Swamp:1  | Lost mutation: You are partially covered in iridescent
                  | scales. (AC +2) [potion of mutation]
 46477 | Swamp:1  | Lost mutation: You are very agile. (Dex +4) [potion of
                  | mutation]
 46477 | Swamp:1  | Lost mutation: You are agile. (Dex +2) [potion of mutation]
 46477 | Swamp:1  | Gained mutation: You have a pair of small horns on your
                  | head. [potion of mutation]
 46477 | Swamp:1  | Gained mutation: Your spells are a little harder to cast,
                  | but a little more powerful. [potion of mutation]
 46481 | Lair:3   | Lost mutation: Your spells are a little harder to cast, but
                  | a little more powerful. [potion of mutation]
 46481 | Lair:3   | Lost mutation: You have a pair of small horns on your head.
                  | [potion of mutation]
 46481 | Lair:3   | Gained mutation: You are frail. (-10% HP) [potion of
                  | mutation]
 46481 | Lair:3   | Gained mutation: You are partially covered in rugged brown
                  | scales. (AC +1, +3% HP) [potion of mutation]
 46482 | Lair:3   | Lost mutation: You are frail. (-10% HP) [potion of
                  | mutation]
 46482 | Lair:3   | Lost mutation: You are partially covered in rugged brown
                  | scales. (AC +1, +3% HP) [potion of mutation]
 46482 | Lair:3   | Gained mutation: Your natural rate of healing is unusually
                  | fast. [potion of mutation]
 46482 | Lair:3   | Gained mutation: You are partially covered in large bone
                  | plates. (SH +4) [potion of mutation]
 46483 | Lair:3   | Lost mutation: You are partially covered in large bone
                  | plates. (SH +4) [potion of mutation]
 46483 | Lair:3   | Lost mutation: Your natural rate of healing is unusually
                  | fast. [potion of mutation]
 46483 | Lair:3   | Gained mutation: Your muscles are strong. (Str +2) [potion
                  | of mutation]
 46483 | Lair:3   | Gained mutation: Your spells are a little harder to cast,
                  | but a little more powerful. [potion of mutation]
 46483 | Lair:3   | Gained mutation: You do not regenerate when monsters are
                  | visible. [potion of mutation]
 46483 | Lair:3   | Gained mutation: You passively map a small area around you.
                  | [potion of mutation]
 46484 | Lair:3   | Lost mutation: Your muscles are strong. (Str +2) [potion of
                  | mutation]
 46484 | Lair:3   | Lost mutation: Your spells are a little harder to cast, but
                  | a little more powerful. [potion of mutation]
 46484 | Lair:3   | Lost mutation: You passively map a small area around you.
                  | [potion of mutation]
 46484 | Lair:3   | Gained mutation: You are dopey. (Int -2) [potion of
                  | mutation]
 46484 | Lair:3   | Gained mutation: You are partially covered in thin metallic
                  | scales. (AC +2) [potion of mutation]
 46484 | Lair:3   | Gained mutation: Your system is resistant to poisons.
                  | (rPois) [potion of mutation]
 46485 | Lair:3   | Lost mutation: You are partially covered in thin metallic
                  | scales. (AC +2) [potion of mutation]
 46485 | Lair:3   | Lost mutation: Your system is resistant to poisons. (rPois)
                  | [potion of mutation]
 46485 | Lair:3   | Gained mutation: You are agile. (Dex +2) [potion of
                  | mutation]
 46485 | Lair:3   | Gained mutation: You are partially covered in thin metallic
                  | scales. (AC +2) [potion of mutation]
 46596 | Swamp:1  | Slain by a shambling mangrove

Illustrated notes

Levels and vault maps discovered:
D:1:      mrwooster_arrival_statue_2, layout_basic
D:2:      layout_rooms, uniq_robin
D:3:      layout_basic, uniq_terence
D:4:      layout_loops_ring, first_ration, uniq_natasha
D:5:      layout_rooms, lemuel_doored_altar, serial_shops,
          nicolae_shop_temple_entry_statues_fountains
D:6:      layout_basic, grunt_temple_overflow_gold_and_silver,
          minmay_temple_entry_wispy, nicolae_ru_great_annihilating_truth
D:7:      layout_loops_ring, nicolae_overflow_crystal_walls,
          overflow_temple_1_default, okawaru_altar_gauntlet_db, grunt_ogre_cave,
          uniq_menkaure
D:8:      layout_basic, minitemple, lair_entry_dummy
D:9:      layout_basic, overflow_temple_1_default,
          nicolae_tso_swordbearing_angel, serial_shops, shop,
          david_defended_altar_elf
D:10:     layout_cave_pods, erik_orc_4, serial_shops,
          nicolae_shop_temple_entry_statues_fountains, minmay_misc_feat_tiny,
          uniq_snorg, uniq_josephine, uniq_fannar
D:11:     layout_layer_cave, uniq_erolcha
D:12:     layout_basic
D:13:     layout_cross
D:14:     layout_basic, skrybe_vaults_entry_preservation, serial_shops,
          nicolae_shop_stone
D:15:     grunt_enter_depths_hoard, layout_basic, minivault_4, hex_tiny,
          ashenzari_altar_1, uniq_azrael, uniq_rupert
Lair:1:   layout_long_grid, gammafunk_ghost_ooze,
          portal_ice_cave_entry_ice_beasts
Lair:2:   layout_regular_city, uniq_prince_ribbit2, uniq_urug
Lair:3:   layout_small_grid, swamp_mist_pool, minmay_snake_entry_six_corridors,
          roderic_carrion_pond, serial_bayou_shore_b
Lair:4:   layout_small_grid, basic_altar, gammafunk_ghost_split, minivault_19,
          minivault_27, grunt_megastairs_2
Lair:5:   layout_small_grid
Lair:6:   cheibrodos_lair_end_hotspot, layout_hall_layers, slime_dummy
Swamp:1:  layout_basic_swamp, evilmike_swamp_ruin_rubble_2
Orc:1:    cheibrodos_orc_arena, layout_caves, statue_in_the_mist_lemuel,
          mines3_lemuel
Orc:2:    st_orc_rangers, layout_caves, hangedman_minor_magic

Skill      XL: |  1  2  3  4  5  6  7  8  9 10 11 12 13 14 15 |
---------------+----------------------------------------------+-----
Axes           | 2 3 4 5 6 7 8 10 11 12 | 12.7
Dodging        | 1 2 3 4 5 6 7 8 |  8.5
Armour         | 2 3 4 6 7 9 10 11 12 | 12.9
Fighting       | 4 5 6 7 8 9 10 | 10.4
Invocations    | 3 4 5 6 7 8 9 10 11 12 | 12.0
Throwing       | 1 2 3 |  3.1
Shields        | 1 3 |  3.6
Evocations     | |  0.1

Action                   |  1- 3 |  4- 6 |  7- 9 | 10-12 | 13-15 || total
-------------------------+-------+-------+-------+-------+-------++-------
Melee: Hand axe          |    66 |    89 |   586 |   704 |  1817 ||  3262
       Kick              |    17 |    17 |   136 |   230 |   701 ||  1101
Throw: Boomerang         |       |     6 |    19 |     9 |       ||    34
       Javelin           |       |       |       |     6 |     9 ||    15
Invok: Depart the Abyss  |     1 |       |       |     1 |       ||     2
       Banish            |       |       |     1 |     3 |     1 ||     5
       Bend Space        |       |       |       |     1 |       ||     1
       Enter the Abyss   |       |       |       |     1 |       ||     1
Evoke: Wand              |       |       |     2 |       |       ||     2
  Use: Scroll            |     6 |     3 |     6 |     3 |    17 ||    35
       Potion            |       |     1 |     4 |    14 |     9 ||    28
 Stab: Invisible         |       |       |     1 |       |       ||     1
  Eat: Chunk             |     1 |     6 |    19 |    23 |    47 ||    96
       Ration            |       |       |     1 |     5 |     6 ||    12
Armor: Leather armour    |    23 |       |       |       |       ||    23
       Chain mail        |     9 |    43 |   105 |   320 |  1127 ||  1604
       Plate armour      |       |       |   338 |   188 |       ||   526
       Skin              |       |       |     2 |       |       ||     2
Dodge: Dodged            |    31 |    20 |   110 |   268 |   591 ||  1020
Block: Kite shield       |       |       |       |       |   587 ||   587
       Other             |       |       |       |       |    11 ||    11
       Reflection        |       |       |       |       |    81 ||    81

Table legend:
 A = Non-vault XP
 B = Vault XP
 C = Vault XP percentage of total XP
 D = Non-vault monster count
 E = Vault monster count
 F = Vault count percentage of total count
                 A         B        C        D         E       F
            +---------+---------+-------+---------+---------+-------
      Total |  102567 |   41574 |  28.8 |     618 |     208 |  25.2
            +---------+---------+-------+---------+---------+-------
        D:1 |      43 |       0 |   0.0 |      20 |       0 |   0.0
        D:2 |      18 |      34 |  65.4 |       8 |      12 |  60.0
        D:3 |     174 |      36 |  17.1 |      10 |       1 |   9.1
        D:4 |     983 |      35 |   3.4 |      31 |       1 |   3.1
        D:5 |     886 |       0 |   0.0 |      27 |       0 |   0.0
        D:6 |     830 |      45 |   5.1 |      23 |       5 |  17.9
        D:7 |    1478 |     322 |  17.9 |      39 |       7 |  15.2
        D:8 |     300 |       0 |   0.0 |      12 |       0 |   0.0
        D:9 |    2107 |     764 |  26.6 |      26 |       3 |  10.3
       D:10 |    6188 |    4363 |  41.4 |      42 |      20 |  32.3
       D:11 |    5381 |    1048 |  16.3 |      27 |       1 |   3.6
       D:12 |    6044 |       0 |   0.0 |      38 |       0 |   0.0
       D:13 |    5630 |       0 |   0.0 |      30 |       0 |   0.0
       D:14 |   10014 |    3573 |  26.3 |      30 |       9 |  23.1
       D:15 |   12025 |    7181 |  37.4 |      31 |      11 |  26.2
     Lair:1 |    3794 |    2237 |  37.1 |      18 |      13 |  41.9
     Lair:2 |    2122 |    1912 |  47.4 |      14 |       6 |  30.0
     Lair:3 |    6448 |    1272 |  16.5 |      24 |      15 |  38.5
     Lair:4 |    4971 |     778 |  13.5 |      20 |       3 |  13.0
     Lair:5 |    9391 |    1324 |  12.4 |      31 |       3 |   8.8
     Lair:6 |   13505 |    6774 |  33.4 |      45 |      24 |  34.8
    Swamp:1 |    1426 |       0 |   0.0 |       4 |       0 |   0.0
      Orc:1 |    5806 |    3296 |  36.2 |      40 |      19 |  32.2
      Orc:2 |    3003 |    6580 |  68.7 |      28 |      55 |  66.3
            +---------+---------+-------+---------+---------+-------
